AoeStats
← Dieguin

Arabia

503819041Analyzed
1v1 RM · 1mo ago on Sep 2, 2026· 37m 19s· 2 players
Game mode
Random Map
Map size
Tiny (2 player)
Population
200
Speed
Normal
Resources
Standard
Victory
Conquest
Starting age
Dark Age
Ending age
Imperial Age
RankedLock teamsTeams togetherTeam positionsShared explorationLock speedFull tech treeHidden civsTurbo modeCheats
Victory
Defeat
🇩🇪 Persians · Germany
827
+18
🇨🇴 Cumans · Colombia
860
-18
blablaxx
4:59 Loom
9:20 Feudal Age
9:56 Double-Bit Axe
14:47 Horse Collar
18:12 Castle Age
17:09 Gold Mining
17:33 Forging
21:08 Scale Barding Armor
24:23 Wheelbarrow
26:34 Bloodlines
26:25 Husbandry
25:54 Crossbowman
28:21 Bow Saw
29:43 Thumb Ring
29:30 Fletching
29:41 Padded Archer Armor
29:57 Kamandaran
30:46 Iron Casting
33:53 Bodkin Arrow
35:17 Light Cavalry
36:57 Chain Barding Armor
Dieguin
5:32 Loom
10:54 Feudal Age
14:52 Double-Bit Axe
17:39 Double-Bit Axe
22:23 Castle Age
21:56 Wheelbarrow
22:04 Scale Mail Armor
23:19 Crossbowman
24:43 Thumb Ring
25:22 Pikeman
27:14 Bow Saw
27:20 Capped Ram
27:58 Horse Collar
29:22 Heavy Plow
30:21 Forging
34:26 Hand Cart
34:40 Elite Skirmisher
35:48 Fletching
35:59 Padded Archer Armor
Connection lost

Rejoining the realm…

Still unreachable

The connection could not be restored.

Session expired

The server has moved on; the page needs a fresh start.